 Dungeon Crawl Stone Soup version 0.27-a0-1071-ga85bd9520d (console) character file.

Game seed: 11132379959233926422

3 nht the Digger (level 1, 0/13 HPs)
             Began as a Demonspawn Earth Elementalist on Apr 24, 2021.
             Slain by a jackal (3 damage)
             ... on level 3 of the Dungeon.
             The game lasted 00:00:42 (97 turns).

nht the Digger (Demonspawn Earth Elementalist)        Turns: 97, Time: 00:00:43

Health: 0/13       AC:  2    Str:  8    XL:     1   Next: 41%
Magic:  0/3        EV: 12    Int: 16    God:
Gold:   0          SH:  0    Dex: 13    Spells: 3/4 levels left

rFire    . . .     SeeInvis .   (no weapon)
rCold    . . .     Faith    .   (no shield)
rNeg     . . .     Spirit   .   c - +0 robe
rPois    .         Reflect  .   (no helmet)
rElec    .         Harm     .   (no cloak)
rCorr    .         Rampage  .   (no gloves)
Will     .....                  (no boots)
Stlth    ++........             (no amulet)
HPRegen  0.04/turn              (no ring)
MPRegen  0.08/turn              (no ring)

@: no status effects
A: no striking features
a: no special abilities


You were on level 3 of the Dungeon.
You visited 1 branch of the dungeon, and saw 3 of its levels.

Inventory:

Missiles
 b - 23 stones
Armour
 c - a +0 robe (worn)


   Skills:
 - Level 1.7 Dodging
 - Level 1.7 Stealth
 - Level 2.0 Spellcasting
 - Level 0.8 Transmutations
 + Level 2.9 Earth Magic


You had 3 spell levels left.
You knew the following spells:

 Your Spells              Type           Power      Damage    Failure   Level
a - Sandblast             Erth           22%        2d7       6%          1

Your spell library contained the following spells:

 Spells                   Type           Power      Damage    Failure   Level
 Passwall                 Tmut/Erth      5%         N/A       14%         2
 Stone Arrow              Conj/Erth      12%        3d7       34%         3
 Petrify                  Tmut/Erth      7%         N/A       67%         4
 Lee's Rapid Deconstruct  Erth           5%         3d7*      86%         5


Dungeon Overview and Level Annotations

Branches:
Dungeon (3/15)

Altars:


Message History

Casting: Sandblast (safe; 6% risk of failure)
Confirm with . or Enter, or press ? or * to list all spells.
Aiming: Sandblast (safe; 6% risk of failure)
Press: ? - help, Shift-Dir - straight line, f - frilled lizard, p - jackal
Aim: a frilled lizard (asleep, 100% to hit)
The blast of sand hits the rat!
You kill the rat!
The frilled lizard hisses angrily.
The jackal closely misses you. The jackal barely misses you.
The frilled lizard closely misses you. The jackal closely misses you.
Found a stone staircase leading down.
The frilled lizard unfolds its giant frill.
The jackal bites you but does no damage.
The jackal closely misses you.
There is a stone staircase leading down here.
The jackal closely misses you.
You climb downwards.
Found a scroll labelled VYNE SITHEFIRAU.
Found a stone staircase leading down.
There is a stone staircase leading up here.
The blast of sand misses the jackal.
The jackal pauses to sniff the ground.
The jackal bites you. The jackal closely misses you. The jackal bites you.
The jackal bites you but does no damage.
The jackal misses you.
You see here a scroll labelled VYNE SITHEFIRAU.
The jackal bites you.
* * * LOW HITPOINT WARNING * * *
The blast of sand hits the jackal.
The jackal is heavily wounded.
The jackal barely misses you. The jackal misses you.
A kobold comes into view. It is wielding a +0 dagger.
The jackal barely misses you. The jackal bites you.
You die...

K.. █...█ ....██ █...█
███ █ █.█... █...█
..█.█ ......█
█..?███.█.█ .......
█.........█
.......█████...███.███
..............<....█
█████..█████.██████
.........h@..>....
.██████.████.█████ █.█
█.█ █.. █. ██. █ . ..


You could see a jackal.

Vanquished Creatures
  2 jackals (D:1)
  A rat (D:2)
3 creatures vanquished.

Notes
Turn   | Place    | Note
-------+----------+-------------------------------------------
     0 | D:1      | nht the Demonspawn Earth Elementalist began the quest for
                  | the Orb.
     0 | D:1      | Reached XP level 1. HP: 13/13 MP: 3/3
    97 | D:3      | Slain by a jackal

Illustrated notes

Levels and vault maps discovered:
D:1:      matt_arrival_grand_opening, layout_basic,
          ebering_ecumenical_altar_webs, chequers_hall_statues_corner_a,
          bh_walls_and_bars
D:2:      layout_loops_cross, basic_altar
D:3:      layout_basic, serial_shops, shop_fountains, moated_statue,
          minmay_stone_trees_small, uniq_natasha

Action                   || total
-------------------------++-------
 Cast: Sandblast         ||     7
Armor: Robe              ||     3
Dodge: Dodged            ||    21

Table legend: (Time is in decaauts)
 A = Elapsed time spent in this place.
 B = Non-inter-level travel time spent in this place.
 C = Inter-level travel time spent in this place.
 D = Time resting spent in this place.
 E = Time spent auto-exploring this place.
 F = Levels seen in this place.
 G = Mean time per level.
                   A        B        C        D        E       F      G
               +--------+--------+--------+--------+--------+-----+--------+
         Total |     96 |     96 |      0 |      0 |     24 |   3 |   32.0 |
       Dungeon |     96 |     96 |      0 |      0 |     24 |   3 |   32.0 |
               +--------+--------+--------+--------+--------+-----+--------+

Top non-repeatable levels by time:
     D:1: 55 daAuts
     D:2: 21 daAuts
     D:3: 19 daAuts
